 Dungeon Crawl Stone Soup version 0.21.0-24-g2553a33 (webtiles) character file.

448 tidbits the Firebug (level 7, -1/50 HPs)
             Began as a Gnoll Fire Elementalist on Jan 19, 2018.
             Slain by an orc (2 damage)
             ... on level 5 of the Dungeon.
             The game lasted 00:06:40 (803 turns).

tidbits the Firebug (Gnoll Fire Elementalist)        Turns: 803, Time: 00:06:41

Health: -1/50      AC:  2    Str: 11    XL:     7   Next: 4%
Magic:  15/15      EV: 15    Int: 19    God:
Gold:   102        SH:  0    Dex: 15    Spells: 6/16 levels left

rFire    . . .     SeeInvis .   q - +1 short sword (elec)
rCold    + . .     Gourm    .   (no shield)
rNeg     . . .     Faith    +   a - +0 robe
rPois    +         Spirit   .   (helmet restricted)
rElec    .         Reflect  .   (no cloak)
rCorr    .         Harm     .   (no gloves)
MR       .....     Clarity  +   (no boots) Stlth +++.......Rnd*Tele +
                                h - amulet of faith
HPRegen  0.16/turn              p - ring of poison resistance
MPRegen  0.14/turn              (no ring)

@: no status effects
A: distributed training, antennae 1, fangs 1, clarity, cold resistance 1,
teleportitis 1, strong nose
a: no special abilities


You were on level 5 of the Dungeon.
You were not hungry.

You visited 1 branch of the dungeon, and saw 6 of its levels.

You collected 102 gold pieces.

Inventory:

Hand Weapons
 d - a +0 dagger
 l - a +0 quarterstaff
 q - a +1 short sword of electrocution (weapon)
   (You took it off an orc on level 4 of the Dungeon)
Missiles
 f - 8 poisoned tomahawks (quivered)
 n - a throwing net {!f}
Armour
 a - a +0 robe (worn)
 o - a +0 scale mail
Jewellery
 h - an amulet of faith (around neck)
   (You found it on level 1 of the Dungeon)
 p - a ring of poison resistance (left hand)
   (You found it on level 4 of the Dungeon)
Wands
 e - a wand of polymorph (14)
Scrolls
 g - a scroll of immolation {unknown}
 i - a scroll of fog {unknown}
 j - a scroll of remove curse {unknown}
 k - a scroll of identify {unknown}
 m - 2 scrolls of teleportation
 r - a scroll of enchant weapon {unknown}
Books
 b - a book of Flames

   Spells                             Type                      Level
   a - Flame Tongue                   Conjuration/Fire             1
   b - Throw Flame                    Conjuration/Fire             2
   c - Conjure Flame                  Conjuration/Fire             3
   d - Inner Flame                    Hexes/Fire                   3
   e - Sticky Flame                   Conjuration/Fire             4
   f - Fireball                       Conjuration/Fire             5
Comestibles
 c - 3 rations


   Skills:
 + Level 2.2 Fighting
 + Level 2.2 Short Blades
 + Level 2.2 Long Blades
 + Level 2.2 Axes
 + Level 2.2 Maces & Flails
 + Level 2.2 Polearms
 + Level 2.2 Staves
 + Level 2.2 Slings
 + Level 2.2 Bows
 + Level 2.2 Crossbows
 + Level 2.2 Throwing
 + Level 2.2 Armour
 + Level 5.1 Dodging
 + Level 4.7 Stealth
 + Level 2.2 Shields
 + Level 2.2 Unarmed Combat
 + Level 5.4 Spellcasting
 + Level 2.8 Conjurations
 + Level 1.7 Hexes
 + Level 1.7 Charms
 + Level 1.7 Summonings
 + Level 1.7 Necromancy
 + Level 1.7 Translocations
 + Level 1.7 Transmutations
 + Level 5.7 Fire Magic
 + Level 1.7 Ice Magic
 + Level 1.7 Air Magic
 + Level 1.7 Earth Magic
 + Level 1.7 Poison Magic
 + Level 2.4 Invocations
 + Level 2.2 Evocations


You had 6 spell levels left.
You knew the following spells:

 Your Spells              Type           Power        Failure   Level  Hunger
a - Flame Tongue          Conj/Fire      ###..        1%          1    None
c - Conjure Flame         Conj/Fire      ###.....     6%          3    ##.....
f - Throw Flame           Conj/Fire      ###...       3%          2    None
t - Sticky Flame          Conj/Fire      ###.....     21%         4    ####...


Dungeon Overview and Level Annotations

Branches:
Dungeon (6/15)
 Temple: D:4-7

Altars:
Kikubaaqudgha
Makhleb
Okawaru
Ru
Trog
Vehumet

Annotations:
D:5 1 transporter


Innate Abilities, Weirdness & Mutations

Your experience applies equally to all skills.
You have very sharp teeth.
Your uncanny sense of smell can sniff out nearby items.
You have a pair of small antennae on your head.
You possess an exceptional clarity of mind.
Your flesh is cold resistant. (rC+)
You are occasionally teleported next to monsters.


Message History

The hound closely misses you. The adder barely misses you.
You hit the hound.
The hound is moderately wounded.
The hound barely misses you. The adder bites you but does no damage.
The hound bites you.
* * * LOW HITPOINT WARNING * * *
You puncture the hound!
The hound is severely wounded.
The hound bites you.
* * * LOW HITPOINT WARNING * * *
The adder bites you but does no damage.
You barely miss the hound.
The hound is severely wounded.
The hound bites you.
* * * LOW HITPOINT WARNING * * *
The adder barely misses you. The hound barely misses you.
You puncture the hound!
You kill the hound!
The adder closely misses you. x2
You puncture the adder! Lightning courses through the adder!
You kill the adder!
The hound zombie closely misses you.
You puncture the hound zombie!
The hound zombie is severely damaged.
The hound zombie barely misses you. The hound zombie bites you.
* * * LOW HITPOINT WARNING * * *
You hit the hound zombie.
Lightning courses through the hound zombie!
You destroy the hound zombie!
There is an open door here.
There is a stone staircase leading down here.
You aren't carrying any potions.
Unknown command.
You climb downwards.
Found 23 arrows.
There is a stone staircase leading up here.
Unknown command.
Found 29 stones.
Found a scroll labeled SURREK BUHAFYI.
An orc comes into view. It is wielding a club.
You see here a scroll labeled SURREK BUHAFYI.
r - a scroll labeled SURREK BUHAFYI Your magical contamination has completely faded away.
Found a ruby potion.
You see here a ruby potion.
It was a potion of resistance.
You feel protected.
You feel a little less mighty now.
There is a stone staircase leading up here.
You climb upwards.
Level annotation: 1 transporter
There is a stone staircase leading down here.
Unknown command.
There is an open door here.
There is a stone staircase leading down here.
You climb downwards.
A bullfrog, an orc and 3 orc wizards come into view.
You start to feel less resistant.
The orc wizard hits you with a dagger.
* * * LOW HITPOINT WARNING * * *
The orc shouts!
The orc wizard shouts!
There is a stone staircase leading up, spattered with blood here.
Unknown command.
The orc wizard shouts!
The bullfrog gives a loud, deep croak!
The orc wizard casts a spell at you. You resist with some effort.
The orc closely misses you. The orc wizard barely misses you.
You climb upwards.
Level annotation: 1 transporter
There is a stone staircase leading down here.
Unknown command.
You aren't carrying any potions.
You aren't carrying any potions.
Unknown command.
Are you sure you want to abandon this character and quit the game? (Confirm with "yes".)
Okay, then.
The orc wizard hits you but does no damage.
The orc wizard misses you.
Okay, then.
You hit the orc wizard.
Lightning courses through the orc wizard!
You kill the orc wizard!
You have reached level 7!
The orc closely misses you. The orc wizard misses you.
You hit the orc wizard.
The orc wizard is lightly wounded.
Your resistance to elements expires.
The orc completely misses you. The orc wizard completely misses you.
You barely miss the orc wizard.
The orc wizard is lightly wounded.
The orc closely misses you.
The orc wizard casts a spell.
The orc wizard flickers and vanishes!
You hit something. The orc barely misses you. Something hits you.
* * * LOW HITPOINT WARNING * * *
You hit the orc.
The orc is heavily wounded.
The orc hits you.
You die...

#.....#......#....#........
#.>...#......#....#........
#.....#......+....#........
#.....'......#....#........
#....##....###...##........
#....##....###...###'####..
#....##.....#...........#..
#....#......#...........#..
......+....@{#...........#..
.......#....)o#...........#..
S.......##....########.....#..
...##...##....##....##.....#..
..##...........#.....#..
..............<#.....#..
...............#.....#..
.##...<##....##.....#..
#######....##.....#..


You could see an orc.

Vanquished Creatures
  An ogre (D:4)
  A scorpion (D:4)
  A hound (D:5)
  An orc priest (D:4)
  2 bullfrog skeletons
  3 orc wizards
  Natasha (D:3)
  A worker ant (D:4)
  A hound zombie (D:5)
  3 adders
  A shadow imp (D:4)
  2 worms (D:4)
  3 orcs (D:4)
  A bat (D:3)
  2 giant cockroaches
  3 goblins
  A hobgoblin (D:1)
  2 jackals (D:5)
  2 quokkas
  2 frilled lizards (D:2)
  A quokka skeleton (D:5)
  2 rats
37 creatures vanquished.

Notes
Turn   | Place    | Note
-------+----------+-------------------------------------------
     0 | D:1      | tidbits the Gnoll Fire Elementalist began the quest for the Orb.
     0 | D:1      | Reached XP level 1. HP: 13/13 MP: 6/6
    39 | D:1      | Reached skill level 2 in Conjurations
   170 | D:2      | Reached XP level 2. HP: 19/19 MP: 4/7
   191 | D:3      | Noticed a howler monkey
   211 | D:2      | Found a radiant altar of Vehumet.
   211 | D:2      | Found a burning altar of Makhleb.
   292 | D:3      | Noticed Natasha
   296 | D:3      | Killed Natasha
   296 | D:3      | Reached skill level 5 in Spellcasting
   296 | D:3      | Reached skill level 1 in Invocations
   296 | D:3      | Reached XP level 3. HP: 13/25 MP: 4/9
   363 | D:4      | Noticed a scorpion
   374 | D:4      | Reached skill level 1 in Fighting
   374 | D:4      | Reached skill level 1 in Short Blades
   374 | D:4      | Reached skill level 1 in Long Blades
   374 | D:4      | Reached skill level 1 in Axes
   374 | D:4      | Reached skill level 1 in Maces & Flails
   374 | D:4      | Reached skill level 1 in Polearms
   374 | D:4      | Reached skill level 1 in Staves
   374 | D:4      | Reached skill level 1 in Slings
   374 | D:4      | Reached skill level 1 in Bows
   374 | D:4      | Reached skill level 1 in Crossbows
   374 | D:4      | Reached skill level 1 in Throwing
   374 | D:4      | Reached skill level 1 in Armour
   374 | D:4      | Reached skill level 1 in Shields
   374 | D:4      | Reached skill level 1 in Unarmed Combat
   374 | D:4      | Reached skill level 1 in Evocations
   374 | D:4      | Reached XP level 4. HP: 9/32 MP: 9/11
   376 | D:4      | Gained mutation: You are occasionally teleported next to monsters. [potion of mutation]
   376 | D:4      | Gained mutation: You have a pair of small antennae on your head. [potion of mutation]
   376 | D:4      | Gained mutation: Your flesh is cold resistant. (rC+) [potion of mutation]
   376 | D:4      | Gained mutation: You possess an exceptional clarity of mind. [potion of mutation]
   382 | D:4      | Reached skill level 1 in Hexes
   382 | D:4      | Reached skill level 1 in Charms
   382 | D:4      | Reached skill level 1 in Summonings
   382 | D:4      | Reached skill level 1 in Necromancy
   382 | D:4      | Reached skill level 1 in Translocations
   382 | D:4      | Reached skill level 1 in Transmutations
   382 | D:4      | Reached skill level 1 in Ice Magic
   382 | D:4      | Reached skill level 1 in Air Magic
   382 | D:4      | Reached skill level 1 in Earth Magic
   382 | D:4      | Reached skill level 1 in Poison Magic
   382 | D:4      | Reached XP level 5. HP: 6/37 MP: 10/12
   429 | D:5      | Entered Level 5 of the Dungeon
   429 | D:5      | Found a transporter.
   443 | D:3      | Found an iron altar of Okawaru.
   468 | D:4      | Noticed an ogre
   476 | D:4      | Killed an ogre
   476 | D:4      | Reached skill level 2 in Invocations
   476 | D:4      | Reached XP level 6. HP: 16/44 MP: 9/14
   542 | D:4      | Reached skill level 5 in Dodging
   547 | D:4      | Learned a level 2 spell: Throw Flame
   551 | D:4      | Learned a level 3 spell: Conjure Flame
   556 | D:4      | Learned a level 4 spell: Sticky Flame
   584 | D:4      | Reached skill level 2 in Fighting
   584 | D:4      | Reached skill level 2 in Short Blades
   584 | D:4      | Reached skill level 2 in Long Blades
   584 | D:4      | Reached skill level 2 in Axes
   584 | D:4      | Reached skill level 2 in Maces & Flails
   584 | D:4      | Reached skill level 2 in Polearms
   584 | D:4      | Reached skill level 2 in Staves
   584 | D:4      | Reached skill level 2 in Slings
   584 | D:4      | Reached skill level 2 in Bows
   584 | D:4      | Reached skill level 2 in Crossbows
   584 | D:4      | Reached skill level 2 in Throwing
   584 | D:4      | Reached skill level 2 in Armour
   584 | D:4      | Reached skill level 2 in Shields
   584 | D:4      | Reached skill level 2 in Unarmed Combat
   584 | D:4      | Reached skill level 2 in Evocations
   658 | D:5      | Found a sacrificial altar of Ru.
   659 | D:5      | Found a bloodstained altar of Trog.
   660 | D:5      | Found an ancient bone altar of Kikubaaqudgha.
   742 | D:5      | HP: 3/44 [hound (4)]
   745 | D:5      | HP: 1/44 [hound zombie (2)]
   795 | D:6      | HP: 4/44 [orc wizard/dagger (4)]
   799 | D:5      | Reached XP level 7. HP: 5/50 MP: 15/15
   802 | D:5      | HP: 1/50 [something (5)]
   803 | D:5      | Slain by an orc

Skill      XL: |  1  2  3  4  5  6 |
---------------+-------------------+-----
Conjurations   | 2 |  2.8
Spellcasting   | 5 |  5.4
Invocations    | 1 2 |  2.4
Fighting       | 1 2 |  2.2
Short Blades   | 1 2 |  2.2
Long Blades    | 1 2 |  2.2
Axes           | 1 2 |  2.2
Maces & Flails | 1 2 |  2.2
Polearms       | 1 2 |  2.2
Staves         | 1 2 |  2.2
Slings         | 1 2 |  2.2
Bows           | 1 2 |  2.2
Crossbows      | 1 2 |  2.2
Throwing       | 1 2 |  2.2
Armour         | 1 2 |  2.2
Shields        | 1 2 |  2.2
Unarmed Combat | 1 2 |  2.2
Evocations     | 1 2 |  2.2
Hexes          | 1 |  1.7
Charms         | 1 |  1.7
Summonings     | 1 |  1.7
Necromancy     | 1 |  1.7
Translocations | 1 |  1.7
Transmutations | 1 |  1.7
Ice Magic      | 1 |  1.7
Air Magic      | 1 |  1.7
Earth Magic    | 1 |  1.7
Poison Magic   | 1 |  1.7
Dodging        | 5 |  5.1
Stealth        | |  4.7
Fire Magic     | |  5.7

Action                   |  1- 3 |  4- 6 |  7- 9 || total
-------------------------+-------+-------+-------++-------
Melee: Dagger            |     3 |       |       ||     3
       Short sword       |     4 |    37 |     4 ||    45
       Bite              |     1 |     4 |       ||     5
 Cast: Flame Tongue      |    20 |    18 |       ||    38
  Use: Potion            |     1 |     4 |       ||     5
       Scroll            |       |     1 |       ||     1
 Stab: Sleeping          |     2 |     2 |       ||     4
       Invisible         |       |     4 |       ||     4
  Eat: Ration            |       |     1 |       ||     1
Armor: Robe              |     1 |     5 |       ||     6
Dodge: Dodged            |    11 |    44 |     6 ||    61

Table legend:
 A = Turns spent in this place as a percentage of turns spent in the entire game.
 B = Non-inter-level travel turns spent in this place as a percentage of non-inter-level travel turns spent in the entire game.
 C = Inter-level travel turns spent in this place as a percentage of turns spent in this place.
 D = Turns resting spent in this place as a percentage of non-inter-level travel turns spent in this place.
 E = Turns spent auto-exploring this place as a percentage of non-inter-level travel turns spent in this place.
 F = Non-inter-level travel turns spent in this place divided by the number of levels of this place that you've seen.
                   A       B       C       D       E      F
               +-------+-------+-------+-------+-------+----------------------
         Total | 100.0 | 100.0 |   0.0 |   0.5 |   0.0 | 133.8
       Dungeon | 100.0 | 100.0 |   0.0 |   0.5 |   0.0 | 133.8
               +-------+-------+-------+-------+-------+----------------------

Table legend:
 A = Kills in this place as a percentage of kills in entire the game.
 B = Kills by you in this place as a percentage of kills by you in the entire game.
 C = Kills by friends in this place as a percentage of kills by friends in the entire game.
 D = Other kills in this place as a percentage of other kills in the entire game.
 E = Experience gained in this place as a percentage of experience gained in the entire game.
 F = Experience gained in this place divided by the number of levels of this place that you have seen.
                   A       B       C       D       E      F
               +-------+-------+-------+-------+-------+----------------------
         Total | 100.0 | 100.0 |   N/A |   N/A | 100.0 | 106.8
       Dungeon | 100.0 | 100.0 |   N/A |   N/A | 100.0 | 106.8
               +-------+-------+-------+-------+-------+----------------------

Vault maps used:
D:1:      lemuel_arrival_room
D:2:      nicolae_overflow_hidden_temple, minmay_close_crescents
D:3:      first_ration, st_stairs_11, okawaru_metal_pillars_1_2, uniq_jessica,
          uniq_natasha, uniq_crazy_yiuf_cottage, uniq_grinder
D:5:      gammafunk_temple_overflow_arena, temple_doors_e, uniq_eustachio
D:6:      uniq_pikel, uniq_duvessa
